 Dungeon Crawl Stone Soup version 0.19.1-1-g22dce08 (webtiles) character file.

25 theAP the Grave Robber (level 2, -2/20 HPs)
             Began as a Demonspawn Necromancer on Dec 30, 2016.
             Slain by an adder (3 damage)
             ... on level 2 of the Dungeon.
             The game lasted 00:06:24 (812 turns).

theAP the Grave Robber (Demonspawn Necromancer)      Turns: 812, Time: 00:06:25

Health: -2/20      AC:  5    Str:  8    XL:     2   Next: 82%
Magic:  0/5        EV: 10    Int: 16    God:
Gold:   52         SH:  0    Dex: 13    Spells: 1 memorised, 5 levels left

rFire  . . .     SeeInvis .     i - +0 whip
rCold  . . .     Gourm    .     k - +0 ring mail
rNeg   . . .     Faith    .     (no shield)
rPois  .         Spirit   +     (no helmet)
rElec  .         Reflect  .     (no cloak)
rCorr  .         Harm     .     (no gloves)
MR     .....                    (no boots)
Stlth  +.........               h - amulet of regeneration
                                (no ring)
                                (no ring)

@: lethally poisoned (-2 -> -4), flying, very slightly contaminated
A: magic shield
a: no special abilities


You were on level 2 of the Dungeon.
You were not hungry.

You visited 1 branch of the dungeon, and saw 2 of its levels.

You collected 52 gold pieces.

Inventory:

Hand Weapons
 d - a +0 whip
 i - a +0 whip (weapon)
Armour
 a - a +0 robe
 f - a +0 robe
 k - a +0 ring mail (worn)
Jewellery
 h - an amulet of regeneration (around neck)
Scrolls
 e - a scroll of blinking
 g - a scroll of enchant armour {unknown}
Books
 b - a book of Necromancy

   Spells                             Type                      Level
   a - Pain                           Necromancy                   1
   b - Animate Skeleton               Necromancy                   1
   c - Vampiric Draining              Necromancy                   3
   d - Regeneration                   Charms/Necromancy            3
   e - Animate Dead                   Necromancy                   4
   f - Control Undead                 Necromancy                   4
Comestibles
 c - a bread ration


   Skills:
 * Level 0.8 Fighting
 * Level 0.5 Maces & Flails
 + Level 1.7 Dodging
 + Level 1.9 Stealth
 * Level 2.5 Spellcasting
 + Level 4.5 Necromancy


You had 5 spell levels left.
You knew the following spells:

 Your Spells              Type           Power        Failure   Level  Hunger
a - Pain                  Necr           ###.         12%         1    #......


Dungeon Overview and Level Annotations

Branches:
Dungeon (2/15)

Altars:


Innate Abilities, Weirdness & Mutations

When hurt, damage is shared between your health and your magic reserves.


Message History

The adder poisons you!
Casting: Pain
Confirm with . or Enter, or press ? or * to list all spells.
You don't have enough magic to cast that spell.
Unknown command.
Casting: Pain
Confirm with . or Enter, or press ? or * to list all spells.
You don't have enough magic to cast that spell.
Unknown command.
* * * LOW HITPOINT WARNING * * *
You feel sick. The adder closely misses you.
An adder comes into view.
* * * LOW HITPOINT WARNING * * *
You feel sick.
The adder hisses angrily.
Found a stone staircase leading down.
* * * LOW HITPOINT WARNING * * *
You feel sick. The adder bites you.
You die...

..........,,,,,,,,,,,,******
..........,,,,.........,,,,*****
..........,,,,,.......,.>,,,,,,**
..........,,,,,......,...,,***,,*
..........***###....,....,,*,,,,,
..........# #.....##S...,,,,,,,,
.#...####.####...........,,,,***,
.#.......................,*,,,***
##..............@...%....,*,,**,,
.................S.......,,,,,,,_
.........................,,,***,,
.........................,,,,***,
.....#...........!.......,*,****,
.....#...................,,,,*,,,
........†................,,,,,,,,
....#........†...........,,,*,,,*
#...#.†##....†...........,,,,,,,,


You could see 2 adders.

Vanquished Creatures
  A dart slug (D:1)
  2 goblins (D:1)
  5 hobgoblins
  2 jackals (D:1)
  A ball python (D:2)
  2 bats (D:2)
  2 frilled lizards (D:2)
  4 kobolds
  3 rats
22 creatures vanquished.

Notes
Turn   | Place    | Note
-------+----------+-------------------------------------------
     0 | D:1      | theAP the Demonspawn Necromancer began the quest for the Orb.
     0 | D:1      | Reached XP level 1. HP: 13/13 MP: 3/3
   204 | D:1      | Gained mutation: When hurt, damage is shared between your health and your magic reserves. [demonic ancestry]
   204 | D:1      | Reached XP level 2. HP: 14/19 MP: 0/5
   810 | D:2      | HP: 1/20 [poisoned by an adder]
   812 | D:2      | Slain by an adder

Action                   || total
-------------------------++-------
Melee: Whip              ||    49
 Cast: Pain              ||    35
  Use: Scroll            ||     8
       Potion            ||     1
Armor: Robe              ||     1
       Ring mail         ||    23
Dodge: Dodged            ||    42
